 Dungeon Crawl Stone Soup version 0.32-a0-132-g2d33c3cfaf (webtiles) character file.

Game seed: 6316768882401104796

1527177 EnegeticOcto the Elven Aeon (level 26, 191/191 HPs)
             Began as a Deep Elf Summoner on Feb 9, 2024.
             Was the Champion of Cheibriados.
             Escaped with the Orb
             ... and 3 runes!
             The game lasted 02:46:08 (85612 turns).

EnegeticOcto the Elven Aeon (Deep Elf Summoner)    Turns: 85612, Time: 02:46:09

Health: 191/191    AC: 25    Str: 23      XL:     26   Next: 74%
Magic:  86/86      EV: 31    Int: 51 (53) God:    Cheibriados [******]
Gold:   4286       SH: 33    Dex: 30      Spells: 7/65 levels left

rFire   + + .        K - +6 flail "Suagh" {heavy, rF+ rC+ Str+3}
rCold   + . .        E - +8 tower shield {AC+3}
rNeg    + . .        a - +0 ring mail of Vuwolaa {rPois rF+ rN+ Regen+ MP+9}
rPois   +            p - +3 hat of Pondering {ponderous, Will+ MP+10 Int+5}
rElec   +            w - +4 dragonskin cloak
rCorr   +            x - +2 pair of gloves
SInv    .            V - +2 pair of boots "Kedghint" {rElec rPois rCorr}
Will    ++++.        N - amulet "Saheugiv" {Spirit ^Contam Fly Will+ Slay+2}
Stlth   +++          q - ring of magical power
HPRegen 1.31/turn    e - ring of magical power
MPRegen 0.50/turn

%: guardian spirit
@: flying, studying 5 skills, very slow
A: thin skeletal structure 1, clumsy 1, robust 1
0: Orb of Zot
}: 3/15 runes: serpentine, barnacled, silver
a: Renounce Religion, Bend Time, Temporal Distortion, Slouch, Step From Time


You escaped.
You worshipped Cheibriados.
Cheibriados was exalted by your worship.
You visited 11 branches of the dungeon, and saw 51 of its levels.
You also visited: Ice Cave and Volcano.

You collected 8915 gold pieces.
You spent 4629 gold pieces at shops.

Inventory:

Hand Weapons
 K - the +6 flail "Suagh" (weapon) {heavy, rF+ rC+ Str+3}
   (You took it off a deep elf elementalist on level 3 of the Elven Halls)

   Str+3:     It affects your strength (+3).
   rF+:       It protects you from fire.
   rC+:       It protects you from cold.
Missiles
 R - 3 throwing nets {!f}
 T - 9 curare-tipped darts
Armour
 a - the +0 ring mail of Vuwolaa (worn) {rPois rF+ rN+ Regen+ MP+9}
   (You found it on level 5 of the Lair of Beasts)

   rF+:       It protects you from fire.
   rPois:     It protects you from poison rN+: It protects you from negative
   energy.
   MP+9:      It affects your magic capacity (+9).
   Regen+:    It increases your rate of health regeneration.
 p - the +3 hat of Pondering (worn) {ponderous, Will+ MP+10 Int+5}
   (You found it on level 3 of the Elven Halls)

   Int+5:     It affects your intelligence (+5).
   Will+:     It increases your willpower.
   MP+10:     It affects your magic capacity (+10).
 w - the +4 dragonskin cloak (worn)
   (You found it on level 2 of the Realm of Zot)

   Avatar's Aegis: It grants the wearer a chance to resist fire, cold, poison,
   electricity, acid, and negative energy.
 x - a +2 pair of gloves (worn)
   (You found it on level 5 of the Dungeon)
 E - a +8 tower shield of protection (worn)
   (You took it off a naga warrior on level 4 of the Snake Pit)
 V - the +2 pair of boots "Kedghint" (worn) {rElec rPois rCorr}
   (You found it on level 10 of the Dungeon)

   rElec:     It insulates you from electricity.
   rPois:     It protects you from poison rCorr: It protects you from acid and
   corrosion.
Jewellery
 e - a ring of magical power (right hand)
   (You found it on level 2 of the Lair of Beasts)
 q - a ring of magical power (left hand)
   (You found it on level 2 of the Lair of Beasts)
 I - the ring "Egygouma" {*Slow rF+ rN+ Dex+3}
   (You found it in an ice cave)

   [ring of protection from fire]

   Dex+3:     It affects your dexterity (+3).
   rF+:       It protects you from fire.
   rN+:       It protects you from negative energy.
   *Slow:     It may slow you when you take damage.
 N - the amulet "Saheugiv" (around neck) {Spirit ^Contam Fly Will+ Slay+2}
   (You bought it in a shop on level 11 of the Dungeon)

   [amulet of guardian spirit]

   Spirit:    It causes incoming damage to be divided between your reserves of
   health and magic.
   Slay+2:    It affects your accuracy & damage with ranged weapons and melee
   (+2).
   Will+:     It increases your willpower.
   Fly:       It grants you flight.
   ^Contam:   It causes magical contamination when unequipped.
 W - a ring "Dausi" {rC+ Will+ Str+3 Dex+3}
   (You took it off a deep elf archer on level 3 of the Elven Halls)

   [ring of protection from cold]

   Str+3:     It affects your strength (+3).
   Dex+3:     It affects your dexterity (+3).
   rC+:       It protects you from cold.
   Will+:     It increases your willpower.
Wands
 C - a wand of mindburst (50)
   (You found it on level 5 of the Lair of Beasts)
 L - a wand of iceblast (34) {@v2}
   (You found it on level 8 of the Dungeon)
 M - a wand of polymorph (15)
   (You found it on level 10 of the Dungeon)
 Q - a wand of charming (48)
   (You found it on level 8 of the Dungeon)
 U - a wand of quicksilver (21) {@v1}
   (You found it on level 9 of the Dungeon)
 X - a wand of digging (17) {@v3}
   (You found it on level 1 of the Lair of Beasts)
Scrolls
 c - 11 scrolls of fear {!r}
 d - 4 scrolls of blinking {@r4}
 h - 12 scrolls of enchant weapon
 i - 22 scrolls of teleportation {@r3 !r}
 j - 7 scrolls of amnesia
 o - 9 scrolls of poison {!r}
 r - 4 scrolls of immolation
 v - 5 scrolls of butterflies {!r}
 y - 3 scrolls of revelation {@r5 !r}
 D - 3 scrolls of silence {!r}
 F - 16 scrolls of fog {!r}
 Y - 7 scrolls of vulnerability
 Z - 3 scrolls of torment
Potions
 b - 4 potions of magic
 f - 29 potions of curing {@q1 !q}
 k - a potion of mutation
 m - 3 potions of cancellation
 n - 18 potions of enlightenment
 t - 7 potions of might {@q3 !q}
 u - 9 potions of heal wounds {@q2 !q}
 z - 5 potions of attraction
 A - 2 potions of invisibility
 G - 3 potions of brilliance
 H - 7 potions of lignification {@q6}
 J - 2 potions of berserk rage
 P - 4 potions of ambrosia
 S - 10 potions of resistance
Miscellaneous
 g - a condenser vane
   (You found it on level 4 of the Shoals)
 l - a lightning rod (4/4)
   (You found it on level 5 of the Vaults)
 s - a phantom mirror
   (You found it on level 5 of the Vaults)
 O - a box of beasts
   (You found it on level 5 of the Vaults)


   Skills:
 - Level 20.0 Fighting
 - Level 10.0 Armour
 - Level 20.0 Dodging
 - Level 15.0 Stealth
 + Level 19.4 Shields
 - Level 20.0 Spellcasting
 - Level 20.0 Summonings
 - Level 8.0 Necromancy
 - Level 8.0 Translocations
 - Level 20.1 Invocations
 - Level 15.0 Evocations


You had 7 spell levels left.
You knew the following spells:

 Your Spells              Type           Power      Damage    Failure   Level
a - Haunt                 Necr/Summ      57%        N/A       1%          7
b - Monstrous Menagerie   Summ           65%        N/A       1%          7
c - Summon Hydra          Summ           65%        N/A       1%          7
d - Summon Horrible Thin  Summ           65%        N/A       1%          8
e - Call Canine Familiar  Summ           100%       N/A       0%          3
f - Malign Gateway        Summ/Tloc      57%        N/A       1%          7
g - Summon Small Mammal   Summ           100%       N/A       0%          1
h - Apportation           Tloc           100%       N/A       1%          1
i - Dragon's Call         Summ           65%        N/A       22%         9
j - Sublimation of Blood  Necr           93%        N/A       1%          2
k - Vhi's Electric Charg  Tloc/Air       100%       N/A       1%          4
Y - Blink                 Tloc           100%       N/A       1%          2

Your spell library contained the following spells:

 Spells                   Type           Power      Damage    Failure   Level
 Call Imp                 Summ           100%       N/A       0%          2
 Foxfire                  Conj/Fire      100%       2x1d9     1%          1
 Freeze                   Ice            100%       1d10      1%          1
 Magic Dart               Conj           100%       1d8       1%          1
 Necrotise                Necr           100%       1d9       1%          1
 Slow                     Hex            100%       N/A       1%          1
 Cigotuvi's Dreadful Rot  Necr/Alch/Air  100%       N/A       1%          2
 Ensorcelled Hibernation  Hex/Ice        100%       N/A       1%          2
 Jinxbite                 Hex            100%       N/A       1%          2
 Lesser Beckoning         Tloc           100%       N/A       1%          2
 Mercury Vapours          Alch/Air       100%       N/A       1%          2
 Momentum Strike          Conj/Tloc      100%       3d10      1%          2
 Static Discharge         Conj/Air       100%       3-8/arc   1%          2
 Fugue of the Fallen      Necr           93%        N/A       1%          3
 Gell's Gravitas          Tloc           93%        N/A       1%          3
 Summon Ice Beast         Ice/Summ       100%       N/A       1%          3
 Teleport Other           Tloc           93%        N/A       1%          3
 Vampiric Draining        Necr           93%        2d12      1%          3
 Volatile Blastmotes      Fire/Tloc      100%       2d18      1%          3
 Anguish                  Hex/Necr       37%        N/A       1%          4
 Animate Dead             Necr           93%        N/A       1%          4
 Passage of Golubria      Tloc           93%        N/A       1%          4
 Summon Blazeheart Golem  Fire/Summ      100%       N/A       1%          4
 Summon Lightning Spire   Summ/Air       100%       N/A       1%          4
 Curse of Agony           Necr           93%        N/A       1%          5
 Summon Forest            Summ/Tloc      57%        N/A       1%          5
 Summon Mana Viper        Hex/Summ       100%       N/A       1%          5
 Summon Cactus Giant      Summ           65%        N/A       1%          6
 Confusing Touch          Hex            50%        N/A       2%          3
 Dazzling Flash           Conj/Hex       100%       N/A       2%          3
 Frozen Ramparts          Ice            100%       1d16      2%          3
 Hailstorm                Conj/Ice       50%        3d10      2%          3
 Inner Flame              Hex/Fire       50%        N/A       2%          3
 Mephitic Cloud           Conj/Alch/Air  50%        N/A       2%          3
 Ozocubu's Armour         Ice            50%        N/A       2%          3
 Sigil of Binding         Hex            50%        N/A       2%          3
 Tukima's Dance           Hex            50%        N/A       2%          3
 Borgnjor's Vile Clutch   Necr/Erth      37%        N/A       4%          5
 Death Channel            Necr           46%        N/A       4%          6
 Dispersal                Tloc           46%        N/A       4%          6
 Airstrike                Air            25%        2d(4-20)  8%          4
 Cause Fear               Hex            25%        N/A       8%          4
 Flame Wave               Conj/Fire      50%        2d12      8%          4
 Ignite Poison            Fire/Alch      50%        N/A       8%          4
 Leda's Liquefaction      Alch/Erth      25%        N/A       8%          4
 Olgreb's Toxic Radiance  Alch           50%        N/A       8%          4
 Sticky Flame             Fire/Alch      50%        2d9       8%          4
 Spellforged Servitor     Conj/Summ      50%        N/A       11%         7
 Alistair's Intoxication  Alch           33%        N/A       22%         5
 Arcjolt                  Conj/Air       25%        1d35      22%         5
 Fireball                 Conj/Fire      25%        3d11      22%         5
 Freezing Cloud           Conj/Ice/Air   25%        6-21      22%         5
 Iskenderun's Battlesphe  Conj           50%        2d10      22%         5
 Lee's Rapid Deconstruct  Erth           25%        3d14*     22%         5
 Metabolic Englaciation   Hex/Ice        25%        N/A       22%         5
 Silence                  Hex/Air        25%        N/A       22%         5
 Yara's Violent Unravell  Hex/Alch       25%        3d11      22%         5
 Bombard                  Conj/Erth      25%        9d5       75%         6
 Plasma Beam              Fire/Air       25%        2x1d37    75%         6
 Sculpt Simulacrum        Ice/Alch       25%        N/A       75%         6
 Starburst                Conj/Fire      25%        6d8       75%         6
 Enfeeble                 Hex            25%        N/A       100%        7
 Orb of Destruction       Conj           25%        9d9       100%        7
 Ozocubu's Refrigeration  Ice            25%        4d13      100%        7
 Borgnjor's Revivificati  Necr           46%        N/A       88%         8
 Infestation              Necr           46%        N/A       88%         8
 Discord                  Hex            25%        N/A       100%        8
 Ignition                 Fire           25%        3d8       100%        8
 Lehudib's Crystal Spear  Conj/Erth      25%        10d7      100%        8
 Maxwell's Capacitive Co  Air            25%        ∞         100%        8
 Chain Lightning          Conj/Air       25%        3d33      100%        9
 Death's Door             Necr           46%        N/A       100%        9


Dungeon Overview and Level Annotations

Branches:
Dungeon (15/15)            Temple (1/1) D:4            Lair (5/5) D:10
 Shoals (4/4) Lair:3        Snake (4/4) Lair:2        Slime (0/5) Lair:5
    Orc (2/2) D:11            Elf (3/3) Orc:2        Vaults (5/5) D:14
  Crypt (3/3) Vaults:2       Tomb (0/3) Crypt:3      Depths (4/4) D:15
    Zot (5/5) Depths:4      IceCv (visited)         Volcano (visited)

Altars:
Ashenzari
Cheibriados
Dithmenos
Elyvilon
Gozag
Hepliaklqana
Kikubaaqudgha
Makhleb
Nemelex Xobeh
Okawaru
Qazlal
Ru
Sif Muna
Trog
Uskayaw
Vehumet
Wu Jian
Xom
Yredelemnul
Zin
The Shining One
Jiyva

Shops:
D:1 :   D:9 (   D:11 =   D:15 (   Orc:2 !(:!   Elf:1 [([   Elf:3 =   Shoals:2 (
Vaults:5 [=   Depths:1 [=(*?

Portals:
Hell: Depths:1 Depths:2 Depths:3 Depths:4
Abyss: Depths:2 Depths:3 Depths:4
Pandemonium: Depths:2 Depths:3 Depths:4
Ziggurat: Depths:2
Trove: Vaults:1 (give 15 scrolls of teleportation)

Annotations:
Lair:3 2 runed translucent doors, exclusion: 2 doors, Ycul's ghost, journeyman HOFi
Snake:3 1 runed translucent door
Elf:2 3 runed translucent doors
Depths:1 1 runed translucent door, exclusion: door, Hulu's ghost, veteran GrEE
Depths:2 exclusion: orange crystal statue


Innate Abilities, Weirdness & Mutations

You have a somewhat thin skeletal structure. (Dex +2, Stealth+)
You are clumsy. (Dex -2)
You are robust. (+10% HP)


Message History

Your wraith hits the reaper but does no damage.
Your wraith hits the reaper!
Your wraith drains the reaper's vigour!
The reaper seems to slow down.
Your phantasmal warrior hits the reaper!!
Your wraith hits the reaper!
The reaper dies!
Cheibriados appreciates the change of pace.
You feel your intelligence returning.
You swap places.
Your wraith disappears in a puff of smoke! x3
Your phantasmal warrior disappears in a puff of smoke!
(D) Dungeon (T) Temple (L) Lair (A) Shoals (P) Snake Pit (M) Slime Pits (O) Orcish Mines (E) Elven Halls (V) Vaults (C) Crypt (W) Tomb (U) Depths (H) Hell (Z) Zot
Where to? (Tab/Enter - D:1 @ (x,y), ? - help)
You swap places.
Your phantasmal warrior disappears in a puff of smoke!
Your wraith disappears in a puff of smoke! x3
There is a stone staircase leading up here.
You fly upwards.
Magic restored.
There is a stone staircase leading down here.
There is a stone staircase leading up here.
You fly upwards.
There is a stone staircase leading down here.
An Orb Guardian comes into view.
Unknown command.
Casting: Haunt (mildly dangerous; 1% risk of failure)
Confirm with . or Enter, or press ? or * to list all spells.
Aiming: Haunt (mildly dangerous; 1% risk of failure)
Press: ? - help, Dir - move target, f - Orb Guardian
Aim: an Orb Guardian Insubstantial figures form in the air.
Casting: Haunt (mildly dangerous; 1% risk of failure)
Confirm with . or Enter, or press ? or * to list all spells.
Aiming: Haunt (mildly dangerous; 1% risk of failure)
Press: ? - help, Dir - move target, f/p - Orb Guardian
Aim: an Orb Guardian (ally target) Nothing appears to happen.
The Orb Guardian hits your wraith.
Your shadow wraith barely misses the Orb Guardian.
Your wraith barely misses the Orb Guardian.
The Orb Guardian hits your wraith! x2
Your shadow wraith hits the Orb Guardian!
Your shadow wraith drains the Orb Guardian's vigour!
The Orb Guardian seems to slow down.
Your wraith barely misses the Orb Guardian.
The Orb Guardian hits your wraith but does no damage.
Your wraith closely misses the Orb Guardian.
Your shadow wraith closely misses the Orb Guardian.
The Orb Guardian hits your wraith.
Your shadow wraith hits the Orb Guardian but does no damage.
Your wraith hits the Orb Guardian but does no damage.
The Orb Guardian hits your wraith!
Your wraith is destroyed!
Your wraith disappears in a puff of smoke!
Your shadow wraith hits the Orb Guardian but does no damage.
Casting: Haunt (mildly dangerous; 1% risk of failure)
Confirm with . or Enter, or press ? or * to list all spells.
Aiming: Haunt (mildly dangerous; 1% risk of failure)
Press: ? - help, Dir - move target, f/p - Orb Guardian
Aim: an Orb Guardian (lightly wounded) Insubstantial figures form in the air.
The Orb Guardian hits you but does no damage.
You block the Orb Guardian's attack.
You swap places.
The Orb Guardian hits your shadow wraith!!
Your wraith hits the Orb Guardian!
Your wraith drains the Orb Guardian's vigour!
The Orb Guardian seems to slow down.
Your shadow wraith hits the Orb Guardian!!
Your shadow wraith drains the Orb Guardian's vigour!
The Orb Guardian seems to slow down.
The Orb Guardian hits your shadow wraith.
Your shadow wraith hits the Orb Guardian.
Your wraith hits the Orb Guardian but does no damage.
Your wraith misses the Orb Guardian.
The Orb Guardian hits your shadow wraith!!
Something hits your shadow wraith!!!
Your shadow wraith is destroyed!
Your shadow wraith disappears in a puff of smoke!
Something closely misses your freezing wraith.
Something misses your freezing wraith.
There is a stone staircase leading up here.
Something hits your freezing wraith!!
You fly upwards.
There is a stone staircase leading down here.
(D) Dungeon (T) Temple (L) Lair (A) Shoals (P) Snake Pit (M) Slime Pits (O) Orcish Mines (E) Elven Halls (V) Vaults (C) Crypt (W) Tomb (U) Depths (H) Hell (Z) Zot
Where to? (Tab/Enter - D:1 @ (x,y), ? - help) Magic restored.
You see here 5 stones.
There is an open door here.
There is an open door here.
There is a stone staircase leading up here.
You fly upwards.
There is a stone staircase leading down here.
There is a staircase leading out of the dungeon here.
You have escaped!

........#
#.###.........#.###
.†###...##
#......†.÷........# ..#
#....#######.###.##.##.#.#
..#
####.##....#####....##.#.#
..#
#.##.#####...##.(##.#.#
..#
#....###.....##...#.#.####
###
#####........##...#.#....#
##.........##..#.#.##.#
##....@....##....#.##.#
###....♣....##.###.##.#
###.........##.# ####.#
#.##........##.# #.#
#.##.....###...# #.#
#.##...#####...# #.#
#...#####....>## #.#
###.###.....#.# #.#
#..##.#.###.# #.#


There were no monsters in sight!

Vanquished Creatures
  An ancient lich (Depths:3)
  A lich (Vaults:3)
  Mlioglotl (Snake:1)
  A tengu reaver (Vaults:5)
  A ghost moth (Zot:3)
  A deep elf elementalist (Depths:3)
  A vault warden (Vaults:5)
  3 deep elf sorcerers (Depths:3)
  2 curse skulls
  An ironbound preserver (Vaults:4)
  A stone giant (Vaults:3)
  2 very ugly things
  A deep elf death mage (Depths:3)
  2 vampire knights
  A spark wasp (Depths:4)
  3 jiangshi (Crypt:2)
  2 ettins
  A fire dragon (Depths:1)
  2 merfolk impalers (Shoals:4)
  A merfolk javelineer (Shoals:2)
  2 spriggan air magi (Depths:3)
  2 ogre magi (Depths:3)
  3 deep troll shamans
  A hell hog (Depths:1)
  4 merfolk aquamancers (Shoals:4)
  3 deep troll earth magi
  A vampire mage (Crypt:2)
  A spriggan berserker (Depths:3)
  4 occultists (Depths:3)
  2 deep trolls (Vaults:3)
  An arcanist (Depths:3)
  An orc knight (Vaults:2)
  A phantasmal warrior (Crypt:3)
  5 ugly things (D:15)
  A faun (Shoals:2)
  2 manticores (Shoals:4)
  A moth of wrath (Vaults:2)
  A black mamba (shapeshifter) (D:14)
  4 merfolk
  A shadow dragon simulacrum (Depths:2)
  A blink frog (Lair:1)
  A snapping turtle (Shoals:4)
  An ice dragon skeleton (Crypt:1)
  A wolf (Lair:4)
  4 boggarts (D:14)
  A gnoll (D:8)
  4 orcs
  A hobgoblin (D:2)
  A jackal (D:1)
85 creatures vanquished.

Vanquished Creatures (collateral kills)
  2 pandemonium lords
  3 dread liches
  An ancient lich (Crypt:3)
  Mara (Depths:2)
  3 juggernauts
  A shard shrike (Zot:2)
  Bai Suzhen (Crypt:1)
  Boris (Vaults:2)
  Vashnia (Snake:4)
  14 caustic shrikes
  Nikola (Snake:1)
  5 golden dragons
  A profane servitor (Crypt:3)
  Norris (Elf:2)
  Rupert (D:12)
  7 Orb Guardians (Zot:5)
  15 tentacled monstrosities
  The ghost of Heruu the Marksminotaur, an adept MiHu of Okawaru (Elf:3)
  A walking crystal tome (Depths:4)
  2 deep elf master archers (Elf:3)
  5 liches
  9 sphinxes
  A deep elf blademaster (Elf:3)
  A walking frostbound tome (Depths:4)
  Asterion (Elf:1)
  8 titans
  5 death cobs
  An Executioner (D:15)
  6 quicksilver dragons
  8 ancient champions
  Polyphemus (Shoals:3)
  Aizul (Snake:1)
  7 shadow dragons
  The ghost of Adoajy the Bludgeoner, an adept DsWr of Ru (Vaults:2)
  18 tengu reavers
  6 nagarajas
  2 revenants
  A draconian monk (Zot:1)
  3 protean progenitors
  8 storm dragons
  8 fire giants
  8 frost giants
  6 draconian knights
  13 vault wardens
  A draconian shifter (Zot:1)
  A ghost moth (Zot:5)
  11 deep elf sorcerers
  5 ghouls (Crypt:1)
  A caustic shrike zombie (Crypt:3)
  An angel (Depths:4)
  4 deep elf elementalists (Elf:3)
  A curse skull (Crypt:3)
  2 reapers
  A draconian stormcaller (Zot:1)
  26 ironbound preservers
  A draconian annihilator (Zot:2)
  5 orc warlords
  18 very ugly things
  7 ironbound thunderhulks
  A spriggan defender (Depths:2)
  A juggernaut skeleton (Depths:1)
  28 stone giants
  9 deep elf death magi
  8 deep elf demonologists
  6 vampire knights
  5 black draconians
  7 green draconians
  10 deep elf annihilators
  3 war gargoyles
  3 white draconians
  9 red draconians
  3 yellow draconians
  18 dire elephants
  6 purple draconians
  6 spark wasps (Depths:4)
  5 eidola
  10 ettins
  3 crystal guardians
  A blizzard demon (D:12)
  A mummy priest (Crypt:3)
  3 merfolk javelineers (Shoals:3)
  11 merfolk impalers
  12 jiangshi
  7 yaktaur captains
  6 fire dragons
  7 deep elf high priests
  7 great orbs of eyes
  47 vault guards
  A spriggan zombie (Depths:1)
  11 ice dragons
  8 peacekeepers
  3 spriggan air magi
  A juggernaut simulacrum (Depths:1)
  Erolcha (Orc:2)
  A hell beast (Depths:3)
  3 hydras
  2 rakshasas
  4 salamander tyrants
  2 merfolk avatars
  15 centaur warriors
  3 ogre magi
  2 catoblepae
  9 ironbound frosthearts
  3 satyrs
  13 two-headed ogres
  Erica (D:8)
  2 alligator snapping turtles (Shoals:4)
  4 boulder beetles
  13 anacondas
  4 tengu warriors
  9 death yaks
  3 merfolk aquamancers
  17 deep troll earth magi
  A titan zombie (Depths:2)
  3 occultists
  A sphinx skeleton (Depths:1)
  17 dancing weapons
  2 vampire magi
  A hell hog (Depths:1)
  17 deep troll shamans
  2 spriggan berserkers (Depths:4)
  16 naga sharpshooters
  23 naga warriors
  An orc high priest (Orc:2)
  9 shock serpents
  11 hell knights
  4 soul eaters
  4 skysharks
  A titan skeleton (Depths:1)
  5 sun demons (Depths:1)
  7 salamander mystics
  7 deep elf knights
  A shadow wraith (Crypt:2)
  3 goliath frogs
  17 skeletal warriors
  A storm dragon skeleton (Crypt:3)
  A fire crab (Shoals:1)
  A deep troll (shapeshifter) (Vaults:4)
  13 iron trolls
  10 sea snakes
  87 deep trolls
  A shadow demon (Zot:5)
  3 flayed ghosts
  2 spriggan druids (Elf:1)
  2 death drakes (Depths:3)
  A swamp dragon (shapeshifter) (Depths:1)
  3 bog bodies
  7 deep elf archers
  3 glowing orange brains (Depths:3)
  9 mana vipers
  Pikel (D:6)
  9 naga ritualists
  30 harpies
  An anaconda skeleton (Crypt:2)
  An iron dragon zombie (Depths:2)
  9 necromancers
  9 orc knights
  6 phantasmal warriors
  11 lindwurms
  21 deep elf pyromancers
  15 deep elf zephyrmancers
  21 ironbound convokers
  11 arcanists
  A frost giant zombie (Depths:1)
  A shadow dragon skeleton (Crypt:3)
  Maurice (D:10)
  A wolf spider (D:11)
  5 fauns
  3 oklob plants
  36 ugly things
  11 orc sorcerers
  11 cyclopes
  2 cyclopes (shapeshifter)
  A jorogumo skeleton (Crypt:3)
  18 manticores
  44 black mambas
  17 salamanders
  A meliai (shapeshifter) (Elf:1)
  A stone giant skeleton (Crypt:3)
  12 moths of wrath
  10 merfolk sirens
  A guardian serpent (shapeshifter) (Depths:1)
  A water nymph (shapeshifter) (Depths:1)
  8 guardian serpents
  2 ice statues (IceCv)
  14 elephants (Lair:5)
  2 centaur zombies (D:15)
  19 vault sentinels
  38 naga magi
  9 water nymphs
  2 molten gargoyles (Volcano)
  2 smoke demons (Depths:1)
  2 centaur skeletons (D:15)
  6 gargoyles
  25 cane toads
  Jeremiah (D:7)
  A hellion (Depths:1)
  An unseen horror (D:11)
  A green draconian zombie (Crypt:3)
  4 kobold demonologists
  2 rime drakes (Lair:2)
  A spark wasp simulacrum (Depths:1)
  31 yaktaurs
  An alligator snapping turtle skeleton (Crypt:2)
  2 efreet
  A black draconian skeleton (Crypt:1)
  7 freezing wraiths
  12 komodo dragons
  A redback zombie (Crypt:1)
  4 guardian mummies (Crypt:3)
  2 anaconda simulacra (IceCv)
  5 ice devils (IceCv)
  A tengu conjurer (Depths:1)
  A bloated husk (Crypt:3)
  43 merfolk
  A harpy zombie (Crypt:3)
  2 tyrant leeches (Lair:5)
  3 hornets (Depths:4)
  A queen bee (shapeshifter) (Elf:1)
  3 polar bears
  4 trolls
  A hornet (shapeshifter) (Elf:1)
  11 snapping turtles
  A death drake skeleton (Crypt:3)
  10 wind drakes
  A culicivora zombie (Crypt:2)
  13 dream sheep
  2 hydra skeletons
  A glass eye (Depths:3)
  A tarantella zombie (Crypt:1)
  Prince Ribbit (D:7)
  An ice dragon zombie (Crypt:2)
  21 blink frogs
  2 ettin zombies
  A deep troll skeleton (Vaults:4)
  A fire giant simulacrum (Depths:2)
  23 water elementals
  A spriggan (shapeshifter) (Elf:1)
  2 vampires
  2 dire elephant simulacra (IceCv)
  A centaur simulacrum (D:15)
  24 slime creatures
  2 air elementals (Elf:1)
  2 shadows
  5 wraiths
  3 spriggans (Depths:4)
  5 wyverns
  22 yaks
  An ushabti (Crypt:3)
  Grum (D:8)
  3 basilisks
  15 nameless horrors
  A hog (shapeshifter) (Elf:1)
  7 fire bats
  3 fire elementals
  2 wargs
  10 vampire mosquitoes
  3 steam dragons (D:8)
  A naga zombie (Crypt:3)
  2 two-headed ogre zombies
  A fire bat zombie (Crypt:2)
  2 human simulacra (Vaults:4)
  49 nagas
  4 harpy simulacra
  Edmund (D:6)
  2 acid dragons (D:11)
  3 hydra simulacra (IceCv)
  14 water moccasins
  Duvessa (D:5)
  An ice beast (D:5)
  21 orc warriors
  A redback (shapeshifter) (Vaults:5)
  A dream sheep zombie (Crypt:1)
  3 sky beasts
  A black bear (Lair:4)
  13 wolves
  A boggart (D:14)
  11 ogres
  8 centaurs
  4 kobold brigands
  14 bullfrogs
  7 earth elementals
  3 scorpions
  A wyvern zombie (Crypt:2)
  An ogre simulacrum (Vaults:4)
  2 gnoll sergeants
  A necrophage (Crypt:1)
  A two-headed ogre simulacrum (IceCv)
  A small abomination (Zot:4)
  Dowan (D:5)
  17 wights
  13 killer bees
  A polar bear skeleton (Crypt:1)
  3 electric eels
  9 howler monkeys
  5 lava snakes (Volcano)
  2 quasits (D:6)
  3 jellies
  25 orc priests
  2 bombardier beetles (D:5)
  3 hounds
  An iguana (D:6)
  A sleepcap (D:8)
  A gnoll bouda (D:10)
  33 orc wizards
  6 hell rats (Lair:4)
  2 spriggan simulacra
  2 polar bear simulacra (IceCv)
  A troll simulacrum (IceCv)
  Robin (D:3)
  A howler monkey skeleton (Crypt:2)
  14 gnolls
  7 adders
  3 shadow imps (D:6)
  17 white imps
  5 ufetubi (D:6)
  An iguana zombie (Crypt:3)
  An adder skeleton (Crypt:3)
  8 ribbon worms
  4 dart slugs
  A ribbon worm (shapeshifter) (Elf:3)
  79 orcs
  2 ball pythons
  7 endoplasms
  4 giant cockroaches
  3 hobgoblins
  2 jackals (D:1)
  3 quokkas
  4 bats (D:2)
  A frilled lizard (D:3)
  12 goblins
  16 kobolds
  6 rats
  An aspiring flesh (Zot:1)
2255 creatures vanquished.

Vanquished Creatures (others)
  12 eldritch tentacles
  A storm dragon (Zot:1)
  An ironbound thunderhulk (Vaults:3)
  A purple draconian (Zot:2)
  A centaur warrior (D:14)
  An iron troll (Depths:4)
  2 deep elf knights
  A deep troll (Depths:2)
  A harpy (Vaults:2)
  A black mamba (Snake:1)
  2 bloated husks (Crypt:3)
  An orc (Vaults:5)
25 creatures vanquished.

Grand Total: 2365 creatures vanquished

Notes
Turn   | Place    | Note
-------+----------+-------------------------------------------
     0 | D:1      | EnegeticOcto the Deep Elf Summoner began the quest for the
                  | Orb.
     0 | D:1      | Reached XP level 1. HP: 10/10 MP: 6/6
   195 | D:1      | Found Ishrahac's Book Shop.
   235 | D:1      | Reached skill level 3 in Stealth
   239 | D:1      | Reached XP level 2. HP: 15/15 MP: 6/8
   259 | D:1      | Learned a level 2 spell: Call Imp
  1098 | D:2      | Reached skill level 4 in Spellcasting
  1098 | D:2      | Reached XP level 3. HP: 20/20 MP: 8/10
  1105 | D:2      | Learned a level 3 spell: Call Canine Familiar
  1304 | D:2      | Reached skill level 1 in Fighting
  1738 | D:3      | Reached XP level 4. HP: 25/25 MP: 12/12
  1859 | D:3      | Noticed Robin
  1874 | D:3      | Killed Robin
  2278 | D:3      | Reached skill level 5 in Summonings
  2407 | D:3      | Found an opulent altar of Gozag.
  2408 | D:3      | Found a white marble altar of Elyvilon.
  2436 | D:3      | Reached XP level 5. HP: 23/30 MP: 14/14
  2575 | D:3      | Reached skill level 5 in Spellcasting
  2797 | D:4      | Reached skill level 2 in Fighting
  3249 | D:4      | Noticed an ogre
  3265 | D:4      | Killed an ogre
  3266 | D:4      | Reached skill level 6 in Spellcasting
  3266 | D:4      | Reached XP level 6. HP: 35/35 MP: 4/17
  3290 | D:4      | Found a staircase to the Ecumenical Temple.
  3302 | Temple   | Entered the Ecumenical Temple
  3375 | Temple   | Became a worshipper of Cheibriados the Contemplative
  3512 | D:4      | Reached skill level 6 in Summonings
  3572 | D:4      | Noticed a water moccasin
  3586 | D:4      | Killed a water moccasin
  3655 | D:5      | Entered Level 5 of the Dungeon
  3664 | D:5      | Reached XP level 7. HP: 40/40 MP: 16/19
  3673 | D:5      | Reached skill level 3 in Fighting
  3673 | D:5      | Reached skill level 7 in Spellcasting
  3907 | D:5      | Reached * piety under Cheibriados
  3942 | D:5      | Reached skill level 7 in Summonings
  4034 | D:5      | Noticed Dowan
  4095 | D:5      | Noticed Duvessa
  4104 | D:5      | Killed Duvessa
  4105 | D:5      | Reached skill level 8 in Spellcasting
  4105 | D:5      | Reached XP level 8. HP: 48/48 MP: 9/22
  4109 | D:5      | Killed Dowan
  4110 | D:5      | Reached skill level 4 in Fighting
  4309 | D:5      | Learned a level 2 spell: Blink
  4332 | D:6      | Reached skill level 8 in Summonings
  4496 | D:6      | Reached skill level 9 in Summonings
  4631 | D:6      | Found a basalt altar of Yredelemnul.
  4685 | D:6      | Noticed Pikel
  4700 | D:6      | Noticed Edmund
  4708 | D:6      | Reached ** piety under Cheibriados
  4844 | D:6      | Killed Edmund
  4897 | D:6      | Killed Pikel
  4898 | D:6      | Reached skill level 10 in Summonings
  4898 | D:6      | Reached XP level 9. HP: 52/52 MP: 5/23
  4993 | D:6      | Reached skill level 11 in Summonings
  5921 | D:7      | Reached *** piety under Cheibriados
  6083 | D:7      | Reached skill level 12 in Summonings
  6172 | D:7      | Learned a level 7 spell: Summon Hydra
  6239 | D:7      | Noticed Jeremiah
  6419 | D:7      | Reached skill level 13 in Summonings
  6585 | D:7      | Noticed Prince Ribbit
  6594 | D:7      | Killed Prince Ribbit
  6772 | D:7      | Reached **** piety under Cheibriados
  7273 | D:7      | Killed Jeremiah
  7545 | D:8      | Reached XP level 10. HP: 56/56 MP: 20/24
  7560 | D:8      | Reached skill level 14 in Summonings
  7628 | D:8      | Noticed a two-headed ogre
  7733 | D:8      | Noticed Grum
  7741 | D:8      | Killed Grum
  8351 | D:8      | You fall into a shaft and drop 2 floors!
  8351 | D:10     | Entered Level 10 of the Dungeon
  8400 | D:10     | Noticed Maurice
  8494 | D:10     | Found a sparkling altar of Nemelex Xobeh.
  8784 | D:8      | Reached skill level 1 in Invocations
  8784 | D:8      | Noticed Erica
  8859 | D:9      | Reached skill level 3 in Dodging
  8887 | D:9      | Found Memo's Antique Weapon Boutique.
  8895 | D:9      | Bought a steaming spear for 160 gold pieces
  8895 | D:9      | Identified the +7 spear "Arbiter" {flame, SInv} (You bought
                  | it in a shop on level 9 of the Dungeon)
  8998 | D:8      | Reached ***** piety under Cheibriados
  9057 | D:8      | Killed Erica
  9058 | D:8      | Reached skill level 1 in Shields
  9058 | D:8      | Reached skill level 2 in Invocations
  9133 | D:8      | Reached skill level 4 in Dodging
  9153 | D:8      | Killed a two-headed ogre
  9154 | D:8      | Reached skill level 2 in Shields
  9154 | D:8      | Reached skill level 9 in Spellcasting
  9154 | D:8      | Reached skill level 3 in Invocations
  9369 | D:8      | Reached skill level 8 in Fighting
  9369 | D:8      | Reached XP level 11. HP: 69/69 MP: 15/26
  9895 | D:9      | Noticed a two-headed ogre
 10016 | D:9      | Killed a two-headed ogre
 10017 | D:9      | Reached skill level 5 in Dodging
 10022 | D:9      | Reached XP level 12. HP: 75/75 MP: 23/27
 10756 | D:9      | Noticed a centaur warrior
 10761 | D:9      | Killed a centaur warrior
 10762 | D:9      | Reached skill level 9 in Fighting
 10762 | D:9      | Reached skill level 4 in Invocations
 11349 | D:9      | Reached skill level 10 in Spellcasting
 12185 | D:10     | Reached skill level 6 in Dodging
 12186 | D:10     | Reached skill level 5 in Invocations
 12266 | D:10     | Identified the +2 pair of boots "Kedghint" {rElec rPois
                  | rCorr}
 12448 | D:10     | Found a staircase to the Lair.
 12866 | D:10     | Killed Maurice
 12912 | Lair:1   | Entered Level 1 of the Lair of Beasts
 13087 | Lair:1   | Reached skill level 11 in Spellcasting
 13087 | Lair:1   | Reached skill level 6 in Invocations
 13142 | Lair:1   | Reached ****** piety under Cheibriados
 13173 | Lair:1   | Found a dark tunnel.
 13215 | Volcano  | Entered a volcano
 13960 | Volcano  | Found a burning altar of Makhleb.
 13984 | Volcano  | Noticed a stone giant
 13988 | Volcano  | Killed a stone giant
 13989 | Volcano  | Reached skill level 10 in Fighting
 13989 | Volcano  | Reached skill level 7 in Invocations
 14038 | Volcano  | Reached skill level 12 in Spellcasting
 14172 | Lair:1   | Noticed a catoblepas
 14176 | Lair:1   | You fall into a shaft and drop 1 floor!
 14180 | Lair:2   | Reached skill level 8 in Invocations
 14285 | Lair:2   | Found a staircase to the Snake Pit.
 14532 | Lair:2   | Reached skill level 9 in Invocations
 14624 | Lair:2   | Reached XP level 13. HP: 82/82 MP: 28/31
 14760 | Lair:1   | Reached skill level 10 in Invocations
 15523 | Lair:2   | Reached skill level 1 in Armour
 16191 | Lair:3   | Found a large runed translucent door.
 16192 | Lair:3   | Found a large runed translucent door.
 16196 | Lair:3   | Noticed Ycul's ghost (journeyman HOFi)
 16196 | Lair:3   | Found the +6 Majin-Bo {spellvamp, MP+6 Int+6}
 16428 | Lair:3   | Found a staircase to the Shoals.
 16437 | Lair:3   | Reached skill level 2 in Armour
 16706 | Lair:4   | Reached skill level 7 in Dodging
 16881 | Lair:4   | Reached skill level 15 in Summonings
 16965 | Lair:4   | Reached skill level 13 in Spellcasting
 16969 | Lair:4   | Reached skill level 3 in Armour
 17041 | Lair:4   | Found an ancient bone altar of Kikubaaqudgha.
 17086 | Lair:4   | Found a sacrificial altar of Ru.
 17146 | Lair:4   | Reached skill level 11 in Invocations
 17639 | Lair:5   | Entered Level 5 of the Lair of Beasts
 17645 | Lair:5   | Reached skill level 8 in Dodging
 17685 | Lair:5   | Reached skill level 1 in Evocations
 17974 | Lair:5   | Reached skill level 2 in Evocations
 18073 | Lair:5   | Reached XP level 14. HP: 88/88 MP: 31/33
 18178 | Lair:5   | Reached skill level 4 in Armour
 18225 | Lair:5   | Reached skill level 3 in Evocations
 18232 | Lair:5   | Reached skill level 9 in Dodging
 18242 | Lair:5   | Reached skill level 14 in Spellcasting
 18389 | Lair:5   | Reached skill level 4 in Evocations
 18573 | Lair:5   | Reached skill level 12 in Invocations
 18865 | Lair:5   | Identified the +0 ring mail of Vuwolaa {rPois rF+ rN+
                  | Regen+ MP+9}
 18945 | Lair:5   | Reached skill level 10 in Dodging
 19071 | Lair:5   | Found a staircase to the Slime Pits.
 19071 | Lair:5   | Found a viscous altar of Jiyva.
 19392 | D:11     | Found Siassaeh's Jewellery Emporium.
 19430 | D:11     | Found a frozen archway.
 19470 | IceCv    | Entered an ice cave
 19955 | IceCv    | Reached skill level 15 in Spellcasting
 20262 | IceCv    | Reached skill level 13 in Invocations
 20391 | IceCv    | Identified the ring "Egygouma" {*Slow rF+ rN+ Dex+3}
 20608 | D:11     | Found a staircase to the Orcish Mines.
 20862 | D:11     | Reached skill level 14 in Invocations
 21738 | D:11     | Learned a level 7 spell: Monstrous Menagerie
 21918 | Orc:1    | Entered Level 1 of the Orcish Mines
 21928 | Orc:1    | Reached XP level 15. HP: 88/89 MP: 20/36
 22317 | Orc:2    | Entered Level 2 of the Orcish Mines
 22656 | Orc:2    | Found a staircase to the Elven Halls.
 23058 | Orc:2    | Found Saigas's Distillery.
 23078 | Orc:2    | Found a radiant altar of Vehumet.
 23089 | Orc:2    | Noticed Erolcha
 23092 | Orc:2    | Killed Erolcha
 23205 | Orc:2    | Found Tumoach's Antique Weapon Boutique.
 23271 | Orc:2    | Found an ancient bone altar of Kikubaaqudgha.
 23285 | Orc:2    | Reached skill level 15 in Invocations
 23295 | Orc:2    | Found Ifiopuv's Distillery.
 23303 | Orc:2    | Bought a potion of cancellation for 104 gold pieces
 23362 | Orc:2    | Found Waedd's Book Shop.
 24038 | D:12     | Reached skill level 16 in Spellcasting
 24066 | D:12     | Noticed Rupert
 24073 | D:12     | Killed Rupert
 25319 | D:13     | Reached skill level 11 in Fighting
 26320 | D:14     | Reached skill level 17 in Spellcasting
 26374 | D:14     | Found a gate to the Vaults.
 27172 | D:15     | Entered Level 15 of the Dungeon
 27428 | D:15     | Reached skill level 3 in Shields
 27428 | D:15     | Reached XP level 16. HP: 69/99 MP: 37/39
 27478 | D:15     | Reached skill level 12 in Fighting
 27586 | D:15     | Found a staircase to the Depths.
 27647 | D:15     | Noticed Nessos
 27650 | D:15     | Nessos changed into Nessos the manticore
 27650 | D:15     | Noticed Nessos
 27657 | D:15     | Killed Nessos the manticore
 27703 | D:15     | Found Entick's Weapon Shoppe.
 27919 | D:15     | Reached skill level 18 in Spellcasting
 27973 | D:15     | Reached skill level 4 in Shields
 28596 | D:1      | Bought a manual of Summonings for 1040 gold pieces
 28853 | Shoals:1 | Entered Level 1 of the Shoals
 29188 | Shoals:1 | Reached skill level 5 in Shields
 29866 | Shoals:1 | Reached skill level 16 in Summonings
 30508 | Shoals:2 | Reached skill level 6 in Shields
 30766 | Shoals:2 | Found Izeniopp's Antique Weapon Shop.
 30822 | Shoals:2 | Reached skill level 13 in Fighting
 30926 | Shoals:2 | Identified the +10 scale mail "Otiasoll" {Int+3}
 31531 | Shoals:3 | Noticed Polyphemus
 31549 | Shoals:3 | Reached skill level 17 in Summonings
 31550 | Shoals:3 | Killed Polyphemus
 31775 | Shoals:3 | Reached XP level 17. HP: 109/109 MP: 35/41
 31856 | Shoals:3 | Reached skill level 7 in Shields
 32440 | Shoals:3 | Reached skill level 18 in Summonings
 32585 | Shoals:4 | Entered Level 4 of the Shoals
 32746 | Shoals:4 | Identified the amulet of the Treeataur {Acrobat Int+3}
 32798 | Shoals:4 | Got a barnacled rune of Zot
 32930 | Shoals:4 | Reached skill level 8 in Shields
 33192 | Shoals:4 | Reached skill level 14 in Fighting
 33270 | Shoals:4 | Identified the +0 leather armour of the Snake Pit {^Contam
                  | Str-4 Int+7 Stlth+}
 33297 | Shoals:4 | Reached skill level 19 in Summonings
 33586 | Shoals:4 | Identified the +0 scimitar of Beogh's Regard {venom, Int+3}
 34081 | Snake:1  | Entered Level 1 of the Snake Pit
 34123 | Snake:1  | Reached skill level 9 in Shields
 34154 | Snake:1  | Found a shadowy altar of Dithmenos.
 34197 | Snake:1  | Identified the serpent talisman of Otho {Str+4 Int+3}
 34197 | Snake:1  | Noticed Aizul
 34206 | Snake:1  | Killed Aizul
 34311 | Snake:1  | Reached skill level 20 in Summonings
 34316 | Snake:1  | Noticed Mlioglotl
 34321 | Snake:1  | Killed Mlioglotl
 34467 | Snake:1  | Noticed Nikola
 34482 | Snake:1  | Killed Nikola
 34800 | Snake:1  | Reached skill level 10 in Shields
 34865 | Snake:2  | Reached XP level 18. HP: 75/116 MP: 35/42
 35373 | Snake:2  | Identified the +6 leather armour of the Dungeon {+Blink rN+
                  | Dex-2}
 35940 | Snake:2  | Reached skill level 15 in Fighting
 37390 | Snake:3  | Found a runed translucent door.
 37598 | Snake:3  | Reached skill level 16 in Fighting
 38461 | Snake:4  | Entered Level 4 of the Snake Pit
 38476 | Snake:4  | Noticed Vashnia
 38761 | Snake:4  | Killed Vashnia
 39166 | Snake:4  | Reached skill level 17 in Fighting
 39322 | Snake:4  | Identified the +1 robe "Wados" {+Blink rF- rCorr}
 39372 | Snake:4  | Reached XP level 19. HP: 128/128 MP: 40/43
 40276 | Snake:4  | Reached skill level 5 in Armour
 40352 | Snake:4  | Got a serpentine rune of Zot
 41226 | Elf:1    | Entered Level 1 of the Elven Halls
 41378 | Elf:1    | Reached skill level 11 in Dodging
 42265 | Elf:1    | Found Quless's Antique Armour Shoppe.
 42267 | Elf:1    | Found Gibasid's Antique Weapon Emporium.
 42270 | Elf:1    | Found Ickagiuh's Armour Shoppe.
 42281 | Elf:1    | Bought a scorched ring mail for 324 gold pieces
 42281 | Elf:1    | Identified the +1 ring mail of Erchi Gim {^Drain rF+ Will+}
                  | (You bought it in a shop on level 1 of the Elven Halls)
 42414 | Elf:1    | Reached skill level 6 in Armour
 42441 | Elf:1    | Reached skill level 18 in Fighting
 42454 | Elf:1    | Identified a scroll of acquirement
 42454 | Elf:1    | Acquired a book of Death
 42458 | Elf:1    | Learned a level 1 spell: Apportation
 42658 | Elf:1    | Reached skill level 12 in Dodging
 42734 | Elf:1    | Noticed Asterion
 42746 | Elf:1    | Killed Asterion
 43072 | Elf:2    | Noticed Norris
 43176 | Elf:2    | Acquired the Vademecum on Arcane Combat and the Zephyr
 43351 | Elf:2    | Reached skill level 13 in Dodging
 44169 | Elf:2    | Killed Norris
 44322 | Elf:2    | Found a runed translucent gate.
 44322 | Elf:2    | Found a runed translucent gate.
 44322 | Elf:2    | Found a runed translucent gate.
 44415 | Elf:3    | Entered Level 3 of the Elven Halls
 44526 | Elf:3    | Reached skill level 14 in Dodging
 45209 | Elf:3    | Found a shimmering blue altar of Sif Muna.
 45315 | Elf:3    | Reached XP level 20. HP: 136/136 MP: 44/44
 45413 | Elf:3    | Found Ycresoud's Jewellery Boutique.
 45419 | Elf:3    | Reached skill level 15 in Dodging
 45641 | Elf:3    | Found a runed translucent door.
 45641 | Elf:3    | Noticed Heruu's ghost (adept MiHu)
 45889 | Elf:3    | Identified the +6 flail "Suagh" {heavy, rF+ rC+ Str+3}
 46176 | Elf:3    | Identified the +5 morningstar of Destiny {freeze, *Noise
                  | +Blink rF+ Dex+2}
 46381 | Elf:3    | Identified the +4 quarterstaff of the Shrinking Gods
                  | {venom, rF+ Dex+2}
 46533 | Elf:3    | Killed Heruu's ghost
 46954 | Elf:3    | Identified a ring "Dausi" {rC+ Will+ Str+3 Dex+3}
 47409 | Elf:3    | Found the +3 hat of Pondering {ponderous, Will+ MP+10
                  | Int+5}
 47496 | Elf:3    | Identified the ring "Vumoygu" {Fire rPois Will- Str+5}
 47786 | D:11     | Bought the amulet "Saheugiv" {Spirit ^Contam Fly Will+
                  | Slay+2} for 570 gold pieces
 48039 | Vaults:1 | Entered Level 1 of the Vaults
 48170 | Vaults:1 | Found a portal to a secret trove of treasure.
 48509 | Vaults:1 | Reached skill level 16 in Dodging
 48524 | Vaults:1 | Reached skill level 19 in Spellcasting
 48998 | Vaults:1 | You are sucked into a shaft and drop 1 floor!
 50852 | Vaults:2 | Reached skill level 17 in Dodging
 51146 | Vaults:2 | Reached XP level 21. HP: 143/143 MP: 46/46
 51192 | Vaults:2 | Reached skill level 20 in Spellcasting
 51390 | Vaults:2 | Identified the +0 leather armour "Hoibao" {rElec Will+++
                  | Int-2}
 51611 | Vaults:2 | Noticed Boris
 51627 | Vaults:2 | Killed Boris
 51628 | Vaults:2 | Reached skill level 19 in Fighting
 51901 | Vaults:2 | Found a staircase to the Crypt.
 51901 | Vaults:2 | Found an ancient bone altar of Kikubaaqudgha.
 51901 | Vaults:2 | Found a basalt altar of Yredelemnul.
 52285 | Vaults:2 | Found a transporter.
 52288 | Vaults:2 | Found a bloodstained altar of Trog.
 52295 | Vaults:2 | Found a transporter.
 52295 | Vaults:2 | Noticed Adoajy's ghost (adept DsWr)
 52692 | Vaults:2 | Reached skill level 18 in Dodging
 52705 | Vaults:2 | Killed Adoajy's ghost
 52709 | Vaults:2 | Identified the +1 cloak of the Constellations {-Tele Harm
                  | Rampage Dex+6}
 53345 | Vaults:3 | Reached skill level 1 in Necromancy
 53583 | Vaults:3 | Reached skill level 2 in Necromancy
 53770 | Vaults:3 | Reached skill level 3 in Necromancy
 54176 | Vaults:3 | Reached skill level 4 in Necromancy
 54661 | Vaults:3 | Reached skill level 19 in Dodging
 55169 | Vaults:3 | Found the +8 longbow "Zephyr" {speed, Dex+3 SInv}
 55494 | Vaults:3 | Reached skill level 5 in Necromancy
 55714 | Vaults:3 | Learned a level 7 spell: Haunt
 56245 | Vaults:4 | Reached XP level 22. HP: 152/152 MP: 48/48
 56465 | Vaults:4 | Reached skill level 6 in Necromancy
 56767 | Vaults:4 | Reached skill level 16 in Invocations
 56780 | Vaults:4 | Reached skill level 20 in Fighting
 57315 | Vaults:4 | Reached skill level 7 in Necromancy
 57594 | Vaults:4 | Learned a level 8 spell: Summon Horrible Things
 57602 | Vaults:4 | Learned a level 7 spell: Malign Gateway
 58134 | Depths:1 | Entered Level 1 of the Depths
 58145 | Depths:1 | You are sucked into a shaft and drop 1 floor!
 58304 | Depths:2 | Reached skill level 1 in Translocations
 58457 | Depths:2 | Noticed Mara
 58463 | Depths:2 | Killed Mara
 58464 | Depths:2 | Reached skill level 2 in Translocations
 58729 | Depths:2 | Found a one-way gateway to a ziggurat.
 59009 | Depths:2 | Found a one-way gate to the infinite horrors of the Abyss.
 59081 | Depths:2 | Reached skill level 8 in Necromancy
 59093 | Depths:2 | Reached skill level 20 in Dodging
 59096 | Depths:2 | Reached skill level 3 in Translocations
 59326 | Depths:2 | Found a one-way gate leading to the halls of Pandemonium.
 59679 | Depths:2 | Got the Guide on Curses
 59685 | Depths:2 | Found a gateway to Hell.
 59896 | Depths:1 | Reached skill level 4 in Translocations
 60282 | Depths:1 | Reached skill level 5 in Translocations
 60282 | Depths:1 | Reached skill level 17 in Invocations
 60917 | Depths:1 | Identified the +1 leather armour "Hiacwunt" {^Contam +Inv
                  | rElec rPois}
 60974 | Depths:1 | Reached skill level 11 in Shields
 60978 | Depths:1 | Reached skill level 6 in Translocations
 61151 | Depths:1 | Found Jiedont's Assorted Antiques.
 61153 | Depths:1 | Found Guciesch's Antique Weapon Emporium.
 61153 | Depths:1 | Found Herafiy's Jewellery Shoppe.
 61158 | Depths:1 | Found Ycsuij's Armour Shoppe.
 61429 | Depths:1 | Found Xisejoig's Magic Scroll Shoppe.
 61432 | Depths:1 | Bought a scroll of revelation for 120 gold pieces
 61432 | Depths:1 | Bought a scroll of butterflies for 64 gold pieces
 61432 | Depths:1 | Bought a scroll of teleportation for 48 gold pieces
 61432 | Depths:1 | Bought a scroll of teleportation for 48 gold pieces
 61806 | Depths:3 | Reached XP level 23. HP: 142/156 MP: 49/49
 61807 | Depths:3 | Noticed an ancient lich
 61811 | Depths:3 | Reached skill level 7 in Translocations
 61811 | Depths:3 | Killed an ancient lich
 61943 | Depths:2 | Gained mutation: Potions are less effective at restoring
                  | your health. [mutagenic glow]
 61961 | Depths:2 | Gained mutation: You do not regenerate when monsters are
                  | visible. [mutagenic glow]
 61986 | Depths:2 | Gained mutation: You occasionally lose the ability to read
                  | scrolls when taking damage. [mutagenic glow]
 62003 | Depths:2 | Lost mutation: Potions are less effective at restoring your
                  | health. [potion of mutation]
 62003 | Depths:2 | Lost mutation: You occasionally lose the ability to read
                  | scrolls when taking damage. [potion of mutation]
 62003 | Depths:2 | Gained mutation: You have a somewhat thin skeletal
                  | structure. (Dex +2, Stealth+) [potion of mutation]
 62003 | Depths:2 | Gained mutation: You expend magic power (3 MP) to
                  | strengthen your wands. [potion of mutation]
 62004 | Depths:2 | Lost mutation: You do not regenerate when monsters are
                  | visible. [potion of mutation]
 62004 | Depths:2 | Lost mutation: You expend magic power (3 MP) to strengthen
                  | your wands. [potion of mutation]
 62004 | Depths:2 | Gained mutation: You are robust. (+10% HP) [potion of
                  | mutation]
 62004 | Depths:2 | Gained mutation: You are clumsy. (Dex -2) [potion of
                  | mutation]
 62058 | Depths:1 | Found a runed translucent door.
 62063 | Depths:1 | Noticed Hulu's ghost (veteran GrEE)
 62251 | Crypt:1  | Entered Level 1 of the Crypt
 62895 | Crypt:1  | Reached skill level 8 in Translocations
 63003 | Crypt:1  | Identified the dragon-blood talisman "Levythek" {*Slow
                  | Str+3 Dex+3}
 63003 | Crypt:1  | Noticed Bai Suzhen
 63021 | Crypt:1  | Killed Bai Suzhen
 63022 | Crypt:1  | Reached skill level 18 in Invocations
 63653 | Crypt:2  | Reached skill level 12 in Shields
 64918 | Crypt:3  | Entered Level 3 of the Crypt
 65140 | Crypt:3  | Acquired 815 gold pieces
 66375 | Crypt:3  | Found a staircase to the Tomb.
 66565 | Crypt:3  | Reached skill level 19 in Invocations
 67378 | Crypt:3  | Identified the ring "Kagiadae" {Wiz rC- Will+ Dex+2 Stlth+}
 67424 | Crypt:3  | Reached skill level 13 in Shields
 67511 | Crypt:3  | Noticed an ancient lich
 67650 | Crypt:3  | Killed an ancient lich
 67693 | Crypt:3  | Found an ancient bone altar of Kikubaaqudgha.
 67696 | Crypt:3  | Found a basalt altar of Yredelemnul.
 68058 | Vaults:5 | Entered Level 5 of the Vaults
 68078 | Vaults:5 | Identified the +5 chain mail of Xinues {rC+ Will- Str+4
                  | SInv}
 68897 | Vaults:5 | Reached XP level 24. HP: 179/179 MP: 49/49
 68968 | Vaults:5 | Noticed a dread lich
 68979 | Vaults:5 | Killed a dread lich
 68980 | Vaults:5 | Reached skill level 20 in Invocations
 69356 | Vaults:5 | Reached skill level 14 in Shields
 69392 | Vaults:5 | Reached skill level 4 in Stealth
 69653 | Vaults:5 | Reached skill level 5 in Evocations
 69688 | Vaults:5 | Reached skill level 5 in Stealth
 69831 | Vaults:5 | Got a silver rune of Zot
 69836 | Vaults:5 | Got Zifoll's Cyclopedia of the Scorching Damned
 70157 | Vaults:5 | Reached skill level 6 in Stealth
 70164 | Vaults:5 | Reached skill level 6 in Evocations
 70182 | Vaults:5 | Reached skill level 7 in Armour
 70411 | Vaults:5 | Noticed a dread lich
 70420 | Vaults:5 | Killed a dread lich
 70421 | Vaults:5 | Reached skill level 7 in Stealth
 70571 | Vaults:5 | Identified the +0 leather armour of Polytheism {rC+++ rN+
                  | Int-2 Dex+3}
 70577 | Vaults:5 | Reached skill level 7 in Evocations
 70608 | Vaults:5 | Reached skill level 8 in Stealth
 70785 | Vaults:5 | Identified the +2 robe "Zomp" {*Corrode Int+3 Stlth+}
 71155 | Vaults:5 | Found Siyresob's Antique Armour Emporium.
 71171 | Vaults:5 | Got the Almanac of Apparitions and the Winter
 71261 | Vaults:5 | Reached skill level 8 in Armour
 71487 | Vaults:5 | Reached skill level 8 in Evocations
 71845 | Vaults:5 | Identified the +0 scale mail of the Furies {Slay+5}
 71869 | Vaults:5 | Reached skill level 9 in Stealth
 72031 | Vaults:5 | Acquired 1373 gold pieces
 72306 | Vaults:5 | Found Jyuj's Jewellery Emporium.
 72311 | Vaults:5 | Identified the staff of the Insatiable Shrikes {rN++ Str-4
                  | Int+2 Necro Earth}
 72817 | Orc:2    | Bought 2 potions of curing for 78 gold pieces
 72817 | Orc:2    | Bought a potion of curing for 39 gold pieces
 72817 | Orc:2    | Bought a potion of curing for 39 gold pieces
 72817 | Orc:2    | Bought 2 potions of magic for 208 gold pieces
 72817 | Orc:2    | Bought a potion of curing for 39 gold pieces
 72817 | Orc:2    | Bought a potion of enlightenment for 65 gold pieces
 72817 | Orc:2    | Bought 2 potions of resistance for 260 gold pieces
 72835 | Orc:2    | Bought 2 potions of invisibility for 208 gold pieces
 72835 | Orc:2    | Bought a potion of magic for 104 gold pieces
 72835 | Orc:2    | Bought a potion of curing for 39 gold pieces
 72835 | Orc:2    | Bought 2 potions of resistance for 260 gold pieces
 72835 | Orc:2    | Bought a potion of curing for 39 gold pieces
 72835 | Orc:2    | Bought a potion of curing for 39 gold pieces
 73112 | Depths:1 | Bought a scroll of fog for 136 gold pieces
 73112 | Depths:1 | Bought an iridescent short sword for 272 gold pieces
 73112 | Depths:1 | Identified the +8 short sword "Inkuhin" {heavy, *Rage rC+
                  | rCorr SInv} (You bought it in a shop on level 1 of the
                  | Depths)
 73113 | Depths:1 | Bought a wand of iceblast (4) for 326 gold pieces
 73123 | Depths:1 | Learned a level 9 spell: Dragon's Call
 73796 | Depths:3 | Got the Anthology of Firn
 74274 | Depths:3 | Reached skill level 10 in Stealth
 74274 | Depths:3 | Reached skill level 9 in Evocations
 74643 | Depths:3 | Noticed a juggernaut
 74648 | Depths:3 | Killed a juggernaut
 74659 | Depths:3 | Noticed a juggernaut
 74665 | Depths:3 | Killed a juggernaut
 74793 | Depths:3 | Reached skill level 9 in Armour
 74888 | Depths:3 | Reached XP level 25. HP: 184/184 MP: 49/49
 75384 | Depths:3 | Identified the +5 bardiche of Qaemp {heavy, Int+4}
 75592 | Depths:3 | Reached skill level 11 in Stealth
 75764 | Depths:3 | Reached skill level 15 in Shields
 76106 | Depths:3 | Reached skill level 10 in Evocations
 76370 | Depths:4 | Entered Level 4 of the Depths
 77204 | Depths:4 | Reached skill level 12 in Stealth
 77875 | Depths:4 | Reached skill level 10 in Armour
 78016 | Depths:4 | Reached skill level 11 in Evocations
 78207 | Depths:4 | Noticed a juggernaut
 78215 | Depths:4 | Killed a juggernaut
 78384 | Depths:4 | Reached skill level 16 in Shields
 78527 | Depths:4 | Reached skill level 13 in Stealth
 79451 | Depths:4 | Reached skill level 12 in Evocations
 79805 | Depths:4 | Reached skill level 14 in Stealth
 79837 | Depths:4 | Reached skill level 17 in Shields
 80042 | Depths:4 | Identified a ring "Irokol" {rC+ Int+6}
 80406 | Depths:4 | Found a gate to the Realm of Zot.
 80580 | Zot:1    | Entered Level 1 of the Realm of Zot
 80585 | Zot:1    | Learned a level 2 spell: Sublimation of Blood
 80590 | Zot:1    | Learned a level 4 spell: Vhi's Electric Charge
 81057 | Zot:1    | Reached XP level 26. HP: 191/191 MP: 49/49
 81470 | Zot:1    | Reached skill level 13 in Evocations
 81545 | Zot:1    | Reached skill level 15 in Stealth
 81788 | Zot:2    | Found the +4 dragonskin cloak
 81788 | Zot:2    | Noticed Tiamat
 81806 | Zot:2    | Tiamat changed into Tiamat the shard shrike
 81806 | Zot:2    | Noticed Tiamat
 81809 | Zot:2    | Killed Tiamat the shard shrike
 82136 | Zot:1    | Reached skill level 18 in Shields
 82136 | Zot:1    | Reached skill level 14 in Evocations
 83429 | Zot:5    | Entered Level 5 of the Realm of Zot
 83691 | Zot:5    | Found a basalt altar of Yredelemnul.
 83997 | Zot:5    | Found a bloodstained altar of Trog.
 84229 | Zot:5    | Reached skill level 15 in Evocations
 84652 | Zot:5    | Noticed a dread lich
 84661 | Zot:5    | Killed a dread lich
 84976 | Zot:5    | Noticed a dread lich
 84986 | Zot:5    | Noticed an orb of fire
 84986 | Zot:5    | Noticed a dread lich
 84989 | Zot:5    | Got the Orb of Zot
 85002 | Zot:5    | Noticed Yhagiaxo the pandemonium lord
 85009 | Zot:5    | Killed Yhagiaxo the pandemonium lord
 85010 | Zot:5    | Reached skill level 19 in Shields
 85052 | Zot:4    | Noticed Waawun Bovil the pandemonium lord
 85173 | Zot:1    | Noticed a seraph
 85174 | Zot:1    | Noticed a seraph
 85220 | Depths:4 | Noticed Pacwanirph the pandemonium lord
 85232 | Depths:4 | Killed Pacwanirph the pandemonium lord
 85612 | D:$      | Escaped with the Orb!

Illustrated notes

Levels and vault maps discovered:
D:1:      spicycebolla_green_bress_n_ham, layout_basic, serial_shops, shop,
          minmay_misc_feat_rows
D:2:      layout_basic
D:3:      layout_loops_corners, jmf_multi_god_temple, uniq_robin
D:4:      layout_rooms, nicolae_overflow_hidden_temple,
          minmay_temple_entry_poolview, nicolae_wormholes
D:5:      layout_rooms, uniq_duvessa
D:6:      layout_cave_pods, yredelemnul_altar_generic, serial_demonic,
          serial_demonic_b, serial_demonic_c, serial_demonic_e,
          serial_demonic_e, dreamdust_mushroom_princess, uniq_pikel, uniq_edmund
D:7:      layout_basic, uniq_jeremiah, uniq_prince_ribbit1
D:8:      layout_loops_ring, uniq_erica, uniq_grum
D:9:      minmay_general_purpose_star, layout_loops_corners, serial_shops, shop,
          chequers_hall_statues_wall_a
D:10:     layout_basic, mainiacjoe_overflow_small_starburst, lair_entry_dummy,
          uniq_maurice
D:11:     minmay_the_grid_octo_2x2 [minmay_the_grid_octo_chip,
          minmay_the_grid_octo_fan_narrow, minmay_the_grid_octo_thin_diamonds,
          minmay_the_grid_octo_prize_big_c], layout_cave_pools,
          portal_ice_cave_entry_imps, serial_shops, shop, minmay_microvault
D:12:     layout_stronghold, uniq_rupert
D:13:     layout_roguey, grunt_decor_clamped
D:14:     layout_cave_pools, erik_vaults_2
D:15:     grunt_enter_depths_magical_seal, layout_irregular_city, serial_shops,
          nicolae_shop_tiny_waterfront, minivault_4, uniq_nessos
Temple:   minmay_temple_bridge_d
Lair:1:   layout_long_grid, nicolae_volcano_entry_vermiform,
          dpeg_stationary_puzzle
Lair:2:   layout_gridlike, dummy_snake_entry, serial_bayou_pond_a,
          minmay_lair_oklob_items
Lair:3:   layout_misc_corridors, minmay_shoals_entry_hut,
          ebering_ghost_disaster_area
Lair:4:   statuecave_lemuel, layout_small_grid, basic_altar, lemuel_oklob_altar,
          infiniplex_staircase_pool_2
Lair:5:   minmay_lair_end_frog_pond, layout_long_grid, slime_entry_1
Shoals:1: layout_shoals, hangedman_shoal_volcano
Shoals:2: layout_shoals, serial_shops, nicolae_shop_crystal
Shoals:3: layout_shoals, nicolae_shoals_pincushion_passage, uniq_polyphemus
Shoals:4: shoals_end_simple, layout_shoals
Snake:1:  layout_concentric_octagons, basic_altar, uniq_mlioglotl, uniq_nikola,
          uniq_aizul
Snake:2:  layout_onion_interference, drop_trap, nicolae_snake_double_loop,
          hangedman_snake_corridor_cut
Snake:3:  cheibrodos_toxic_ritual, layout_layer_cave
Snake:4:  snake_pit, layout_chambers, uniq_vashnia
Orc:1:    layout_caves
Orc:2:    kennysheep_orc_mage_school, layout_caves, nicolae_orc_stalacmites
Elf:1:    eino_elf_arrival_shootout, layout_gridlike,
          hangedman_elven_crosses_minicolossus, ebering_dispersal_statue_hall,
          kilobyte_rumbling_trees, minmay_shop_star, uniq_asterion
Elf:2:    elven_hall_of_blades_hangedman_original [nicolae_blade_bullseye],
          layout_loops_ring, uniq_norris, uniq_agnes
Elf:3:    grunt_elf_hall_spiral, layout_geoelf_grid, ebering_ghost_inner_flame,
          serial_shops, shop, basic_altar, serial_sigils_hangedman_confine
Vaults:1: nicolae_vaults_three_branches, v_misc_22,
          nicolae_vaults_closet_pinwheel_4, vaults_room_corners,
          nicolae_vaults_trapezoid_3, nicolae_vaults_storage_room_doors,
          nicolae_vaults_bisected_slash, hangedman_vaults_slice,
          nicolae_vaults_double_plus_1, nicolae_vaults_six-pack,
          nicolae_vaults_closet_pinwheel_4, layout_vaults_chaotic_city,
          nicolae_trove_entry_crossroad
Vaults:2: gammafunk_ghost_wrathful_warriors, vaults_mumra_hex, v_rooms_2,
          minmay_crypt_entry_necro_gods, nicolae_vaults_specimen_jars,
          nicolae_vaults_offset_grid_hallway_4, v_misc_9, v_misc_2, v_rooms_3,
          vaults_room_ringed_pool, vaults_dpeg_ring, vaults_room_boxed,
          hangedman_vaults_stretched_pinwheel,
          nicolae_vaults_diagonal_hallway_6, layout_vaults_omnibox, uniq_boris
Vaults:3: hangedman_vaults_nodes, hangedman_vaults_locks, st_octagons_1,
          nicolae_vaults_heart-shaped_vault,
          nicolae_vaults_door_testing_chamber, v_misc_32,
          nicolae_vaults_surprise_closet, nicolae_vaults_back_hallway,
          v_alt_pattern_1, nicolae_vaults_trapezoid_1,
          nicolae_vaults_trapezoid_lopsided_3, nicolae_vaults_tetromino_L_1,
          nicolae_vaults_tangram_1, layout_vaults_maze
Vaults:4: v_pattern_4, nicolae_vaults_tangram_2, nicolae_vaults_wrenched,
          nicolae_vaults_network_s, v_misc_24, v_misc_23, v_misc_10,
          nicolae_vaults_heart-shaped_vault, st_lattice,
          vaults_dpeg_encased_lava, nicolae_vaults_more_shelving_1,
          nicolae_vaults_tetromino_Z_1, layout_vaults_ring
Vaults:5
Crypt:1:  layout_rooms, nicolae_crypt_reliquary_box, uniq_bai_suzhen
Crypt:2:  layout_chaotic_city
Crypt:3:  lightli_unholy_cathedral, layout_chaotic_city,
          tomb_entry_forgotten_bobbens, nicolae_crypt_ex-fountain
Depths:1: layout_cross, hellmouth_3, muffindrake_ghost_three_little_ghosts,
          serial_shops, nicolae_shop_rolled_up, serial_glass, glass_columns_b,
          glass_columns_c, hangedman_abyss_or_decor_passed,
          lemuel_nasty_fountain, minmay_shoptagon
Depths:2: kennysheep_cluttered_fort, layout_cave_pools, enter_ziggurat_f,
          abyss_entry, rand_demon_pan_entry_8,
          nicolae_concentric_dashed_squares_wild, hell_entry, minivault_16,
          uniq_mara
Depths:3: lemuel_castle_with_subvaults [lemuel_castle_interior_carwin_1],
          layout_cave_pools, hell_entry, grunt_pan_entry_in_and_out,
          special_room [special_room_magic_class], abyss_entry_crystal
Depths:4: grunt_runaround [grunt_runaround_zot, grunt_runaround_doors_1,
          grunt_runaround_doors_2, grunt_runaround_doors_3,
          grunt_runaround_doors_4], abyss_entry, hell_entry, pan_entry
Zot:1:    layout_twisted_circle, grunt_megastairs_2
Zot:2:    layout_gridlike, uniq_tiamat
Zot:3:    grunt_twist_and_shout, layout_onion, st_stairs_12
Zot:4:    layout_gridlike, guppyfry_library_mini
Zot:5:    layout_gridlike, hangedman_feature_mirror

Skill      XL: |  1  2  3  4  5  6  7  8  9 10 11 12 13 14 15 16 17 18 19 20 21 22 23 24 25 26 |
---------------+-------------------------------------------------------------------------------+-----
Stealth        | 3 10 14 15 | 15.0
Spellcasting   | 4 6 8 9 12 13 15 17 18 19 20 | 20.0
Fighting       | 1 2 3 4 8 10 11 13 14 17 18 19 20 | 20.0
Summonings     | 5 6 7 10 13 14 15 17 20 | 20.0
Invocations    | 3 9 11 14 15 17 19 20 | 20.1
Dodging        | 4 5 6 8 10 14 17 19 20 | 20.0
Shields        | 2 3 6 10 11 13 14 17 19 | 19.4
Armour         | 3 4 6 9 10 | 10.0
Evocations     | 2 4 9 12 15 | 15.0
Necromancy     | 5 8 |  8.0
Translocations | 6 8 |  8.0

Action                     |  1- 3 |  4- 6 |  7- 9 | 10-12 | 13-15 | 16-18 | 19-21 | 22-24 | 25-27 || total
---------------------------+-------+-------+-------+-------+-------+-------+-------+-------+-------++-------
  Melee: Unarmed           |     2 |       |       |       |       |       |       |       |       ||     2
         Dagger            |     2 |     5 |     7 |       |       |       |       |       |       ||    14
         Punch             |       |     1 |       |       |       |       |       |       |       ||     1
         Trident           |       |       |       |    13 |    10 |    10 |     2 |       |       ||    35
         Flail             |       |       |       |       |       |       |    39 |    78 |    22 ||   139
   Cast: Summon Small Mamm |    46 |    29 |     7 |     1 |     1 |       |       |       |       ||    84
         Call Imp          |    14 |    22 |    39 |    12 |       |       |       |       |       ||    87
         Call Canine Famil |     3 |    24 |   163 |   141 |    54 |       |     6 |       |       ||   391
         Summon Hydra      |       |       |       |    66 |   306 |   386 |   448 |   483 |   239 ||  1928
         Monstrous Menager |       |       |       |       |    90 |   213 |   271 |   148 |   195 ||   917
         Haunt             |       |       |       |       |       |       |     1 |    68 |    45 ||   114
         Summon Horrible T |       |       |       |       |       |       |       |    14 |    13 ||    27
         Malign Gateway    |       |       |       |       |       |       |       |     7 |     5 ||    12
         Apportation       |       |       |       |       |       |       |       |       |     3 ||     3
         Dragon's Call     |       |       |       |       |       |       |       |       |     1 ||     1
 Invoke: Bend Time         |       |       |     1 |       |       |     1 |     1 |     9 |       ||    12
         Temporal Distorti |       |       |       |       |     3 |     4 |       |     3 |     1 ||    11
         Slouch            |       |       |       |       |     1 |    14 |       |    13 |       ||    28
  Evoke: Wand              |       |       |     2 |       |       |     3 |     3 |     8 |     3 ||    19
         Condenser vane    |       |       |       |       |       |       |       |     2 |     1 ||     3
         Box of beasts     |       |       |       |       |       |       |       |       |     1 ||     1
         Phantom mirror    |       |       |       |       |       |       |       |       |     1 ||     1
    Use: Scroll            |     3 |     5 |     6 |     7 |    10 |     2 |     3 |    14 |    17 ||    67
         Potion            |     1 |     1 |     2 |     4 |       |     1 |     1 |     5 |     7 ||    22
   Stab: Distracted        |       |       |       |     1 |       |     1 |     3 |     7 |     3 ||    15
         Paralysed         |       |       |       |       |     1 |       |     1 |       |       ||     2
 Armour: Robe              |    10 |     9 |    53 |    72 |   135 |    17 |       |       |       ||   296
         Ring mail         |       |       |       |       |       |   147 |   164 |   229 |   147 ||   687
  Dodge: Dodged            |    12 |     9 |    58 |    56 |   230 |   175 |   203 |   344 |   254 ||  1341
  Block: Buckler           |       |       |       |    16 |    67 |       |       |       |       ||    83
         Kite shield       |       |       |       |       |     7 |   264 |    15 |       |       ||   286
         Tower shield      |       |       |       |       |       |       |   414 |   599 |   492 ||  1505

Table legend: (Time is in decaauts)
 A = Elapsed time spent in this place.
 B = Non-inter-level travel time spent in this place.
 C = Inter-level travel time spent in this place.
 D = Time resting spent in this place.
 E = Time spent auto-exploring this place.
 F = Levels seen in this place.
 G = Mean time per level.
                   A        B        C        D        E       F      G
               +--------+--------+--------+--------+--------+-----+--------+
         Total | 119455 | 109379 |  10076 |  20155 |  67459 |  53 | 2253.9 |
       Dungeon |  28647 |  24956 |   3691 |   4436 |  15669 |  15 | 1909.8 |
        Temple |    166 |      3 |    163 |      0 |      0 |   1 |  166.0 |
          Lair |   9561 |   8220 |   1341 |    312 |   6563 |   5 | 1912.2 |
        Shoals |   7295 |   6993 |    302 |    619 |   4921 |   4 | 1823.8 |
     Snake Pit |  10654 |  10022 |    632 |    677 |   7593 |   4 | 2663.5 |
  Orcish Mines |   3395 |   2683 |    712 |     18 |   2186 |   2 | 1697.5 |
   Elven Halls |   8773 |   8495 |    278 |   2307 |   4526 |   3 | 2924.3 |
        Vaults |  20770 |  19417 |   1353 |   1879 |  13881 |   5 | 4154.0 |
         Crypt |   7137 |   6830 |    307 |   2346 |   3410 |   3 | 2379.0 |
        Depths |  15055 |  14011 |   1044 |   3806 |   7238 |   4 | 3763.8 |
           Zot |   5510 |   5261 |    249 |   2813 |   1079 |   5 | 1102.0 |
      Ice Cave |   1235 |   1235 |      0 |    583 |     74 |   1 | 1235.0 |
       Volcano |   1251 |   1251 |      0 |    359 |    316 |   1 | 1251.0 |
               +--------+--------+--------+--------+--------+-----+--------+

Top non-repeatable levels by time:
Vaults:5: 5817 daAuts
Depths:4: 5410 daAuts
Vaults:2: 4313 daAuts
   Elf:3: 4151 daAuts
Depths:3: 3926 daAuts
Vaults:3: 3777 daAuts
 Crypt:3: 3578 daAuts
 Snake:4: 3556 daAuts
Vaults:1: 3497 daAuts
     D:9: 3408 daAuts
Vaults:4: 3365 daAuts
Depths:2: 3156 daAuts
 Snake:3: 3033 daAuts
 Snake:2: 2820 daAuts
   Elf:1: 2820 daAuts

Table legend:
 A = Kills in this place as a percentage of kills in the entire game.
 B = Kills by you in this place as a percentage of kills by you in the entire game.
 C = Kills by friends in this place as a percentage of kills by friends in the entire game.
 D = Other kills in this place as a percentage of other kills in the entire game.
 E = Experience gained in this place as a percentage of experience gained in the entire game.
 F = Experience gained in this place divided by the number of levels of this place that you have seen.
                   A       B       C       D       E      F
               +-------+-------+-------+-------+-------+----------------------
         Total | 100.0 | 100.0 | 100.0 | 100.0 | 100.0 | 27179.4
       Dungeon |  18.7 |  18.8 |  18.8 |   6.7 |   6.1 | 5856.8
          Lair |   7.2 |   2.5 |   7.5 |   0.0 |   3.6 | 10425.4
        Shoals |   9.1 |  18.8 |   8.8 |   0.0 |   7.1 | 25452.2
     Snake Pit |  10.7 |   1.2 |  11.1 |   6.7 |   9.7 | 35038.8
  Orcish Mines |   4.9 |   1.2 |   5.0 |   6.7 |   0.9 | 6582.5
   Elven Halls |   5.6 |   0.0 |   5.8 |  13.3 |   6.8 | 32841.0
        Vaults |  19.5 |  13.8 |  19.8 |  13.3 |  26.6 | 76763.2
         Crypt |   4.9 |   8.8 |   4.7 |  13.3 |   6.5 | 31175.7
        Depths |  13.5 |  33.8 |  12.6 |  26.7 |  23.1 | 83071.2
           Zot |   4.2 |   1.2 |   4.2 |  13.3 |   8.8 | 25349.0
      Ice Cave |   1.1 |   0.0 |   1.1 |   0.0 |   0.4 | 6454.0
       Volcano |   0.6 |   0.0 |   0.7 |   0.0 |   0.3 | 4049.0
               +-------+-------+-------+-------+-------+----------------------
